 Dungeon Crawl Stone Soup version 0.19-a0-1013-g40768a3 (webtiles) character file.

30723 HAL9000 the Bludgeoner (level 13, -6/145 (146) HPs)
             Began as an Ogre Berserker on July 24, 2016.
             Was a High Priest of Trog.
             Mangled by a catoblepas (13 damage)
             ... on level 6 of the Lair of Beasts.
             The game lasted 00:43:25 (16904 turns).

HAL9000 the Bludgeoner (Ogre Berserker)            Turns: 16904, Time: 00:43:25

HP:   -6/145 (146)  AC:  6    Str: 28    XL:     13   Next: 53%
MP:   5/5           EV:  1    Int:  6    God:    Trog [*****.]
Gold: 1013          SH:  0    Dex: 12    Spells: 0 memorised, 12 levels left

rFire  + . .     SeeInvis .     J - +3 morningstar (antimagic) {god gift}
rCold  + + .     Gourm    +     w - +2 robe {rC+ rF+}
rNeg   + + +     Faith    .     K - +0 shield
rPois  ∞         Spirit   .     (helmet restricted)
rElec  .         Dismiss  .     M - +0 cloak of Happy Babbling {rPois rC+ rN++ Regen+}
rCorr  +         Reflect  .     (gloves unavailable)
SustAt .         Harm     .     (boots unavailable)
MR     +....                    j - amulet of the gourmand
Stlth  +.........               W - ring of resist corrosion
                                f - +2 ring of strength

@: exhausted, petrified, very slightly contaminated, slowed, somewhat resistant
to hostile enchantments, very unstealthy
A: unfitting armour, tough skin 1
a: Berserk, Trog's Hand, Brothers in Arms, Burn Spellbooks, Renounce Religion


You were on level 6 of the Lair of Beasts.
You worshipped Trog.
Trog was extremely pleased with you.
You were very full.

You visited 2 branches of the dungeon, and saw 17 of its levels.

You collected 1325 gold pieces.
You spent 312 gold pieces at shops.

Inventory:

Hand Weapons
 i - a +3 dire flail of protection {god gift}
 J - a +3 antimagic morningstar (weapon) {god gift}
 T - a +0 giant spiked club
Missiles
 m - 8 large rocks {god gift}
 A - 7 steel tomahawks
 P - 9 javelins (quivered)
Armour
 w - a +2 robe of resistance (worn)
 G - a +2 robe of magic resistance
 K - a +0 shield (worn)
 M - the +0 cloak of Happy Babbling (worn) {rPois rC+ rN++ Regen+}
   (You bought it in a shop on level 7 of the Dungeon)

   It protects you from cold.
   It protects you from poison.
   It greatly protects you from negative energy.
   It increases your rate of regeneration.
Jewellery
 e - an uncursed ring of see invisible
 f - a +2 ring of strength (left hand)
 j - an amulet of the gourmand (around neck)
 k - an uncursed amulet of dismissal
 W - a ring of resist corrosion (right hand)
Wands
 a - a wand of hasting (6/9)
 F - a wand of iceblast (6/15)
 I - a wand of iceblast (8/15)
 L - a wand of lightning (9/15)
 U - a wand of digging (7/24)
 X - a wand of slowing (30/48)
 Z - a wand of iceblast (15/15)
Scrolls
 g - 2 scrolls of identify
 n - a scroll of recharging
 p - 5 scrolls of teleportation
 v - a scroll of enchant armour
 x - 9 scrolls of remove curse
 y - 4 scrolls of fear
 H - 3 scrolls of blinking
 R - a scroll of fog
Potions
 h - 4 potions of heal wounds {unknown}
 l - 2 potions of brilliance
 o - 2 potions of cure mutation
 q - 2 potions of mutation {unknown}
 r - 4 potions of curing
 s - a potion of flight {unknown}
 t - a potion of resistance {unknown}
 z - a potion of agility {unknown}
 B - 2 potions of haste
 E - 4 potions of cancellation {unknown}
 N - 2 potions of ambrosia {unknown}
 Q - 2 potions of lignification {unknown}
 S - a potion of might
 Y - a potion of berserk rage {unknown}
Books
 b - a book of Summonings

   Spells                             Type                      Level
   a - Recall                         Summoning/Translocation      3
   b - Aura of Abjuration             Summoning                    5
   c - Summon Demon                   Summoning                    5
   d - Summon Forest                  Summoning/Translocation      5
   e - Summon Mana Viper              Hexes/Summoning              5
   f - Shadow Creatures               Summoning                    6
   Trog disapproves of the use of such an item.
 C - a book of the Sky

   Spells                             Type                      Level
   a - Summon Lightning Spire         Summoning/Air                4
   b - Airstrike                      Air                          4
   c - Silence                        Hexes/Air                    5
   d - Deflect Missiles               Charms/Air                   6
   e - Conjure Ball Lightning         Conjuration/Air              6
   f - Tornado                        Air                          9
   Trog disapproves of the use of such an item.
 O - a book of Changes

   Spells                             Type                      Level
   a - Beastly Appendage              Transmutation                1
   b - Sticks to Snakes               Transmutation                2
   c - Spider Form                    Transmutation/Poison         3
   d - Ice Form                       Ice/Transmutation            4
   e - Blade Hands                    Transmutation                5
   Trog disapproves of the use of such an item.
Comestibles
 c - 9 bread rations
 d - a royal jelly
 u - 5 meat rations
 D - 3 beef jerkies
 V - 9 fruits


   Skills:
 - Level 14.0 Fighting
 - Level 16.4 Maces & Flails
 + Level 4.5 Throwing
 + Level 7.6 Dodging
 - Level 9.0 Shields
 + Level 6.3 Evocations


You had 12 spell levels left.
You didn't know any spells.

Dungeon Overview and Level Annotations

Branches:
Dungeon (11/15)            Temple (0/1) D:4            Lair (6/6) D:11
 Shoals (0/4) Lair:2       Spider (0/4) Lair:2        Slime (0/5) Lair:6
    Orc: D:9-12

Altars:
Ashenzari
Cheibriados
Dithmenos
Fedhas
Gozag
Hepliaklqana
Kikubaaqudgha
Pakellas
Qazlal
Ru
Uskayaw
Xom
Yredelemnul
Zin
The Shining One
Jiyva

Shops:
D:4 ?**(   D:6 [   D:7 *}[:*}   D:9 (


Innate Abilities, Weirdness & Mutations

You are too large for most types of armour.
You have tough skin. (AC +1)


Message History

* * * LOW HITPOINT WARNING * * *
You turn to flesh and can move again.
You hit the catoblepas.
The catoblepas is heavily wounded.
You are engulfed in calcifying dust.
You are slowing down.
The catoblepas gores you!!
* * * LOW HITPOINT WARNING * * *
Okay, then.
Blink to where?
Press: ? - help, Dir - move target cursor You are very lightly contaminated with residual magic.
As you read the scroll of blinking, it crumbles to dust.
The catoblepas breathes a plume of calcifying dust at you.
The blast of calcifying dust hits you!
* * * LOW HITPOINT WARNING * * *
You have turned to stone.
Found 21 gold pieces.
You are engulfed in calcifying dust. x2
The catoblepas gores you!!
You die...

................P....
.................P...P.
. .##..#....P#...PP...P.
#$#..P.P................
#..........8...........
##...8..................
#.........8.............
#....8................
#..@...8....#.......
###.Y....###.......#
#P.....## ##......#
#.P###...## #......# ###
##...####.....# ##.
##...# #......
.....##..# #.....#
#......# #.....#
##......###.....


You could see a catoblepas.

Vanquished Creatures
  4 hydras (Lair:3)
  Erica (D:9)
  2 death yaks (Lair:3)
  Pikel (D:8)
  A moth of wrath (shapeshifter) (D:11)
  Maurice (D:9)
  3 black mambas
  3 elephants (Lair:4)
  A siren (Lair:2)
  6 spiny frogs
  A torpor snail (Lair:6)
  5 komodo dragons
  3 rime drakes
  A troll (D:9)
  5 blink frogs (Lair:5)
  A boulder beetle (D:8)
  35 yaks
  Sigmund (D:3)
  A wyvern (D:10)
  Eustachio (D:5)
  4 hippogriffs
  Grum (D:8)
  A basilisk (Lair:2)
  7 water moccasins
  5 orc warriors
  6 porcupines
  3 sky beasts
  4 slaves
  3 black bears
  A wasp (D:10)
  A necrophage (D:8)
  3 ice beasts
  A phantom (D:5)
  10 wolves
  3 centaurs
  8 crocodiles
  3 ogres
  2 big kobolds
  A gnoll sergeant (D:4)
  14 giant frogs
  A scorpion (D:7)
  2 wyvern skeletons
  10 wights
  3 howler monkeys
  4 electric eels (Lair:4)
  A wasp zombie (D:10)
  10 crimson imps
  3 hounds
  2 quasits (D:10)
  3 jellies
  3 centaur skeletons
  A giant frog skeleton (D:5)
  5 orc priests
  4 iguanas
  5 orc wizards
  Jessica (D:3)
  6 worker ants
  30 sheep
  2 howler monkey zombies (D:6)
  2 worker ant zombies
  10 adders
  3 gnolls (D:5)
  36 river rats
  2 oozes
  3 adder skeletons
  An adder zombie (D:5)
  A worm (D:5)
  12 dart slugs
  7 giant geckos
  31 orcs
  4 ball pythons
  3 giant cockroaches
  14 goblins
  8 hobgoblins
  2 jackals
  14 kobolds
  10 quokkas
  5 bats
  3 giant newts
  A quokka skeleton (D:4)
  5 rats
  A spectral orc (D:4)
  A fungus (Lair:4)
433 creatures vanquished.

Vanquished Creatures (collateral kills)
  A hydra (Lair:1)
  4 death yaks (Lair:3)
  2 elephants (Lair:4)
  A porcupine (Lair:4)
  A giant frog (Lair:1)
  A river rat (Lair:1)
10 creatures vanquished.

Vanquished Creatures (others)
  6 fungi
  3 plants
9 creatures vanquished.

Grand Total: 452 creatures vanquished

Notes
Turn   | Place    | Note
-------+----------+-------------------------------------------
     0 | D:1      | HAL9000 the Ogre Berserker began the quest for the Orb.
     0 | D:1      | Reached XP level 1. HP: 24/24 MP: 1/1
   366 | D:1      | Reached XP level 2. HP: 31/32 MP: 2/2
   768 | D:1      | Reached skill level 5 in Maces & Flails
  1039 | D:2      | Reached XP level 3. HP: 40/40 MP: 3/3
  1466 | D:2      | Found an opulent altar of Gozag.
  1514 | D:2      | Reached XP level 4. HP: 28/49 MP: 4/4
  1928 | D:3      | Reached ** piety under Trog
  2014 | D:3      | Reached skill level 6 in Maces & Flails
  2025 | D:3      | Found a snail-covered altar of Cheibriados.
  2044 | D:3      | Noticed Sigmund
  2048 | D:3      | Noticed Jessica
  2051 | D:3      | Reached skill level 5 in Fighting
  2062 | D:3      | Killed Sigmund
  2062 | D:3      | Reached skill level 7 in Maces & Flails
  2062 | D:3      | Reached XP level 5. HP: 59/59 MP: 5/5
  2062 | D:3      | Reached XP level 6. HP: 67/67 MP: 6/6
  2066 | D:3      | Killed Jessica
  2315 | D:3      | Found an oddly glowing altar of Pakellas.
  2397 | D:3      | Reached skill level 8 in Maces & Flails
  2406 | D:3      | HP: 3/100 [orc wizard/dagger (3)]
  2993 | D:4      | Found a staircase to the Ecumenical Temple.
  3024 | D:4      | Reached *** piety under Trog
  3139 | D:4      | Found Rukk's Assorted Antiques.
  3164 | D:4      | Reached XP level 7. HP: 64/76 MP: 7/7
  3236 | D:4      | Found Ucurrof's General Store.
  3244 | D:4      | Found Newurext's Magic Scroll Shoppe.
  3252 | D:4      | Bought a scroll of fear for 35 gold pieces
  3271 | D:4      | Found a basalt altar of Yredelemnul.
  3336 | D:4      | Found Pihao's Antique Weapon Emporium.
  3380 | D:4      | Found a shimmering altar of Xom.
  3419 | D:4      | Found a shimmering altar of Xom.
  3641 | D:5      | Entered Level 5 of the Dungeon
  3672 | D:5      | Noticed Eustachio
  3701 | D:4      | Reached skill level 9 in Maces & Flails
  4303 | D:5      | Reached skill level 10 in Maces & Flails
  4450 | D:5      | Found a stormy altar of Qazlal.
  4696 | D:5      | Reached XP level 8. HP: 58/88 MP: 8/8
  5344 | D:5      | Killed Eustachio
  5344 | D:5      | Reached skill level 11 in Maces & Flails
  5865 | D:6      | Found Kowarru's Antique Armour Boutique.
  6286 | D:6      | Found a glowing golden altar of the Shining One.
  6286 | D:6      | Found a shattered altar of Ashenzari.
  6340 | D:6      | Reached skill level 12 in Maces & Flails
  6368 | D:6      | Found a glowing silver altar of Zin.
  6373 | D:6      | Reached XP level 9. HP: 93/98 MP: 9/9
  6647 | D:7      | Found Heiraol's General Store.
  6822 | D:7      | Found Zoud's Quality Used Wands.
  6830 | D:7      | Reached skill level 13 in Maces & Flails
  6947 | D:7      | Found Ticzess's General Store.
  6964 | D:7      | Bought a scroll of teleportation for 30 gold pieces
  6979 | D:7      | Reached **** piety under Trog
  7075 | D:7      | Reached skill level 10 in Fighting
  7088 | D:7      | Found Widok's Gadget Emporium.
  7118 | D:7      | Found a shadowy altar of Dithmenos.
  7216 | D:7      | Found Tocuntou's Book Shop.
  7575 | D:7      | Found Nije's Antique Armour Shoppe.
  7595 | D:7      | Bought a crude cloak for 247 gold pieces
  7605 | D:7      | Identified the +0 cloak of Happy Babbling {rPois rC+ rN++ Regen+} (You bought it in a shop on level 7 of the Dungeon)
  7808 | D:8      | Reached skill level 14 in Maces & Flails
  7952 | D:8      | Found an ancient bone altar of Kikubaaqudgha.
  7952 | D:8      | Found a hazy altar of Hepliaklqana.
  7991 | D:8      | Noticed Pikel
  8295 | D:8      | Reached XP level 10. HP: 80/110 MP: 10/10
  8451 | D:8      | Killed Pikel
  8451 | D:8      | Reached skill level 15 in Maces & Flails
  8513 | D:8      | Noticed Grum
  8526 | D:8      | Killed Grum
  8742 | D:8      | Found a sacrificial altar of Ru.
  8783 | D:8      | Identified Sif Muna's Almanac of Dark Venom
  9358 | D:9      | Got a vibrating pewter ring
  9360 | D:9      | Identified the ring of Life {Fire rN++ Int+9 Dex-3} (You found it on level 9 of the Dungeon)
  9541 | D:9      | Reached ***** piety under Trog
  9593 | D:9      | Noticed Erica
  9619 | D:9      | Killed Erica
  9619 | D:9      | Reached skill level 16 in Maces & Flails
  9791 | D:9      | Found a shadowy altar of Dithmenos.
  9793 | D:9      | Noticed Maurice
  9805 | D:9      | Killed Maurice
  9831 | D:9      | Found a blossoming altar of Fedhas.
  9894 | D:9      | Received a gift from Trog
 10074 | D:9      | Reached skill level 1 in Shields
 10182 | D:9      | Reached XP level 11. HP: 61/122 MP: 11/11
 10354 | D:9      | Found Oliuxenayk's Weapon Boutique.
 10385 | D:9      | Found a hide-covered altar of Uskayaw.
 10568 | D:10     | Entered Level 10 of the Dungeon
 11383 | D:11     | Found a staircase to the Lair.
 11395 | D:11     | Noticed a moth of wrath
 11395 | D:11     | an octopode changed into a moth of wrath
 11398 | D:11     | Killed a moth of wrath
 11398 | D:11     | Reached skill level 5 in Shields
 11425 | Lair:1   | Entered Level 1 of the Lair of Beasts
 11425 | Lair:1   | Noticed a six-headed hydra
 11430 | Lair:1   | Killed a six-headed hydra
 11582 | Lair:1   | Identified a scroll of acquirement
 11583 | Lair:1   | Got a ripped robe
 11594 | Lair:1   | Identified the +1 robe of Qeror {+Fly} (You acquired it on level 1 of the Lair of Beasts)
 11741 | Lair:1   | Received a gift from Trog
 12256 | Lair:2   | Found a staircase to the Shoals.
 12729 | Lair:2   | Found a hole to the Spider Nest.
 12935 | Lair:3   | Reached XP level 12. HP: 123/132 MP: 4/12
 12938 | Lair:3   | Reached skill level 1 in Evocations
 13239 | Lair:3   | Noticed a seven-headed hydra
 13248 | Lair:3   | Killed a seven-headed hydra
 13505 | Lair:3   | Noticed an eight-headed hydra
 13515 | Lair:3   | Killed an eight-headed hydra
 13877 | Lair:3   | Noticed a death yak
 13878 | Lair:3   | Noticed a death yak
 13879 | Lair:3   | Noticed a death yak
 13879 | Lair:3   | Noticed a death yak
 13885 | Lair:3   | Killed a death yak
 13886 | Lair:3   | Noticed a death yak
 13886 | Lair:3   | Noticed a death yak
 13893 | Lair:3   | Killed a death yak
 13896 | Lair:3   | Killed a death yak
 13897 | Lair:3   | Killed a death yak
 13902 | Lair:3   | Killed a death yak
 13902 | Lair:3   | Reached skill level 5 in Dodging
 13903 | Lair:3   | Killed a death yak
 13903 | Lair:3   | Received a gift from Trog
 13986 | Lair:3   | Noticed a six-headed hydra
 13996 | Lair:3   | Killed a six-headed hydra
 14113 | Lair:3   | Noticed a five-headed hydra
 14120 | Lair:3   | Killed a five-headed hydra
 14841 | Lair:4   | Reached skill level 1 in Throwing
 14849 | Lair:4   | Reached XP level 13. HP: 55/145 MP: 5/16
 14853 | Lair:4   | Reached skill level 5 in Evocations
 16326 | Lair:6   | Entered Level 6 of the Lair of Beasts
 16384 | Lair:6   | Found a viscous altar of Jiyva.
 16384 | Lair:6   | Found a staircase to the Slime Pits.
 16609 | Lair:6   | Received a gift from Trog
 16896 | Lair:6   | HP: 6/145 [catoblepas (17)]
 16897 | Lair:6   | HP: 2/145 [something/blast of calcifying dust (6)]
 16904 | Lair:6   | Mangled by a catoblepas

Vault maps used:
D:1:      sevenhm_arrival_forest_fort_large_4, serial_bayou_lake_a
D:2:      nicolae_gozag_cash_rules_everything_around_me, first_bread,
          serial_corexii_hall, corexii_hall_statues_t, corexii_hall_statues_l
D:3:      kennysheep_the_goblin_king, kennysheep_slug_shrine,
          grunt_pakellas_mercury, uniq_jessica, uniq_sigmund
D:4:      kennysheep_slugbush, old_standard_altar,
          yredelemnul_forgotten_temple_becter, serial_shops, shop_fountains,
          shop, nicolae_shop_behind_doors, shop_coins, xom_teletrap_fun
D:5:      nicolae_overflow_crystal_walls, sword_in_stone
D:6:      lemuel_doored_altar, amethyst_overflow_temple_binary, serial_shops,
          shop
D:7:      basic_altar, serial_shops, nicolae_shop_crystal,
          nicolae_shop_waterfront, shop, nicolae_shop_behind_doors,
          nicolae_shop_trees, nicolae_for_you_no_charge
D:8:      boulder_corridor_run, gammafunk_temple_overflow_elements,
          nicolae_ru_the_path_less_chosen, uniq_grum, uniq_pikel
D:9:      eat_drink_and_be_merry_uskayaw, kennysheep_mini_moat, basic_altar,
          serial_shops, shop_statue, uniq_erica, uniq_maurice
D:11:     lair_0_dummy
Lair:2:   minmay_shoals_entry_lonely_mermaid, dummy_spider_entry,
          grunt_megastairs_4
Lair:3:   grunt_megastairs_5
Lair:4:   serial_bayou, serial_bayou_lagoon_a, serial_bayou_shore_a,
          serial_bayou_ford_a, serial_bayou_pond_d
Lair:6:   evilmike_catoblepas_cave, slime_altar_1, serial_bayou_pond_e

Skill      XL: |  1  2  3  4  5  6  7  8  9 10 11 12 13 |
---------------+----------------------------------------+-----
Maces & Flails | 5 7 8 10 12 14 16 | 16.4
Fighting       | 5 6 7 9 10 12 14 | 14.0
Shields        | 2 9 |  9.0
Dodging        | 3 6 7 |  7.6
Evocations     | 4 6 |  6.3
Throwing       | 1 4 |  4.5

Action                   |  1- 3 |  4- 6 |  7- 9 | 10-12 | 13-15 || total
-------------------------+-------+-------+-------+-------+-------++-------
Melee: Mace              |   112 |   149 |   150 |       |       ||   411
       Flail             |       |       |   273 |   223 |       ||   496
       Morningstar       |       |       |       |   461 |   244 ||   705
Throw: Tomahawk          |       |       |     2 |       |       ||     2
       Large rock        |       |       |       |     7 |       ||     7
Invok: Berserk           |       |     4 |    13 |    15 |     5 ||    37
       Trog's Hand       |       |       |     1 |       |     3 ||     4
       Brothers in Arms  |       |       |       |     3 |       ||     3
Evoke: Wand              |       |     2 |     7 |     1 |       ||    10
  Use: Scroll            |       |       |    18 |     2 |     2 ||    22
 Stab: Sleeping          |       |       |       |     1 |       ||     1
  Eat: Chunk             |     2 |    24 |    30 |    38 |    12 ||   106
Armor: Animal skin       |    39 |    17 |       |       |       ||    56
       Robe              |       |    34 |   105 |   102 |    17 ||   258
Dodge: Dodged            |    58 |    79 |   206 |   210 |    58 ||   611
Block: Shield            |       |       |       |   183 |    75 ||   258
